 Dungeon Crawl Stone Soup version 0.29-a0-1033-gb6c65ffae6 (webtiles) character file.

Game seed: 17343646843305358148

334600 Armakuni the Eclecticist (level 22, -2/166 (167) HPs)
             Began as a Human Monk on Aug 14, 2022.
             Was a Priest of Elyvilon.
             Slain by a reaper
             ... wielding a +2 scythe of freezing
             ... summoned by a dread lich
              (28 damage)
             ... on level 5 of the Vaults.
             The game lasted 02:45:47 (46811 turns).

Armakuni the Eclecticist (Human Monk)              Turns: 46811, Time: 02:45:48

HP:   -2/166 (167)  AC: 26    Str: 13    XL:     22   Next: 83%
MP:   0/53          EV: 16    Int: 22    God:    Elyvilon [***...]
Gold: 200           SH:  0    Dex: 24    Spells: 24/57 levels left

rFire   + + .      SeeInvis .   a - staff of fire
rCold   + + +      Faith    .   e - orb {*channel}
rNeg    + . .      Spirit   .   Y - +6 pearl dragon scales
rPois   .          Reflect  .   V - +0 helmet
rElec   .          Harm     .   O - scarf {rC+ rF+}
rCorr   .          Rampage  .   X - -1 pair of gloves of the Archfiend {rC+ Dex+6}
Will    +....                   K - +2 pair of boots of Weightlessness {MP+9}
Stlth   +.........              R - amulet of regeneration
HPRegen 1.17/turn               J - ring of Divine Intervention {Fly rC+ Int+4}
MPRegen 0.33/turn               E - +4 ring of evasion

@: brilliant, about to teleport, flying, hasted (expiring), constricted, lightly
drained, very quick
A: no striking features
}: 2/15 runes: decaying, serpentine
a: Renounce Religion, Purification, Heal Other, Heal Self


You were on level 5 of the Vaults.
You worshipped Elyvilon.
Elyvilon was most pleased with you.
You visited 7 branches of the dungeon, and saw 36 of its levels.
You visited the Abyss 2 times.
You also visited: Trove, Bailey and Ice Cave.

You collected 4899 gold pieces.
You spent 4699 gold pieces at shops.

Inventory:

Hand Weapons
 L - a +9 spectral quarterstaff
 Q - a +0 vorpal lajatang
Armour
 e - an orb of energy (worn)
 K - the +2 pair of boots of Weightlessness (worn) {MP+9}
   (You acquired it on level 3 of the Vaults)

   MP:        It affects your magic capacity (+9).
 O - a scarf of resistance (worn)
 V - a +0 helmet (worn)
 X - the -1 pair of gloves of the Archfiend (worn) {rC+ Dex+6}
   (You found it on level 4 of the Swamp)

   Dex:       It affects your dexterity (+6).
   rC:        It protects you from cold.
 Y - +6 pearl dragon scales (worn)
Magical Staves
 a - a staff of fire (weapon)
 b - a staff of cold
Jewellery
 E - a +4 ring of evasion (right hand)
 H - an amulet of reflection
 J - the ring of Divine Intervention (left hand) {Fly rC+ Int+4}
   (You found it in an ice cave)

   [ring of flight]

   Int:       It affects your intelligence (+4).
   rC:        It protects you from cold.
   Fly:       It grants you flight.
 R - an amulet of regeneration (around neck)
Wands
 p - a wand of paralysis (6)
 s - a wand of quicksilver (17)
 v - a wand of flame (41)
 z - a wand of iceblast (3)
 P - a wand of polymorph (6)
Scrolls
 g - 5 scrolls of fear
 h - 4 scrolls of immolation
 j - 4 scrolls of vulnerability
 m - 5 scrolls of fog
 n - a scroll of summoning
 o - 3 scrolls of noise
 r - 6 scrolls of amnesia
 x - a scroll of silence
 A - 7 scrolls of magic mapping
 I - 2 scrolls of enchant weapon
 M - a scroll of poison
 S - 4 scrolls of teleportation
Potions
 c - 5 potions of ambrosia
 d - 10 potions of mutation
 i - 14 potions of curing
 k - 3 potions of invisibility
 q - 14 potions of heal wounds
 u - 11 potions of cancellation
 w - 6 potions of magic
 B - 2 potions of berserk rage
 D - 6 potions of might
 F - 4 potions of flight
 G - 5 potions of brilliance
 N - 4 potions of lignification
 T - 3 potions of haste
 U - 2 potions of resistance
Miscellaneous
 f - a phial of floods
 l - a lightning rod (4/4)
 t - a tin of tremorstones (2/2)


   Skills:
 - Level 12.5 Fighting
 - Level 3.0(9.4) Maces & Flails
 - Level 13.8(14.0) Staves
 - Level 11.7 Armour
 - Level 10.0 Dodging
 - Level 2.0 Stealth
 + Level 18.1 Spellcasting
 - Level 10.0 Conjurations
 - Level 4.0 Hexes
 - Level 4.0 Translocations
 - Level 6.7 Transmutations
 + Level 17.2 Fire Magic
 - Level 14.4 Ice Magic
 - Level 12.0 Invocations
 - Level 10.0 Evocations


You had 24 spell levels left.
You knew the following spells:

 Your Spells              Type           Power      Damage    Failure   Level
a - Apportation           Tloc           100%       N/A       2%          1
b - Starburst             Conj/Fire      54%        6d15      6%          6
e - Ensorcelled Hibernat  Hex/Ice        100%       N/A       1%          2
i - Inner Flame           Hex/Fire       99%        N/A       1%          3
j - Freezing Cloud        Conj/Ice/Air   35%        6-21      11%         5
m - Iskenderun's Mystic   Conj/Tloc      66%        2d14      6%          4
o - Ozocubu's Armour      Ice            90%        N/A       1%          3
r - Frozen Ramparts       Ice            100%       1d16      1%          3
w - Wereblood             Tmut           65%        N/A       1%          2
z - Scorch                Fire           100%       2d10      0%          2
B - Blink                 Tloc           100%       N/A       3%          2

Your spell library contained the following spells:

 Spells                   Type           Power      Damage    Failure   Level
 Beastly Appendage        Tmut           100%       N/A       1%          1
 Foxfire                  Conj/Fire      100%       2x1d9     1%          1
 Conjure Flame            Conj/Fire      100%       6-21      1%          3
 Dazzling Flash           Conj/Hex       100%       N/A       1%          3
 Ignite Poison            Fire/Tmut/Pois 89%        N/A       1%          3
 Flame Wave               Conj/Fire      100%       2d21      1%          4
 Ice Form                 Ice/Tmut       79%        N/A       1%          4
 Sting                    Tmut/Pois      100%       1d8       2%          1
 Summon Ice Beast         Ice/Summ       67%        N/A       5%          4
 Confusing Touch          Hex            54%        N/A       6%          3
 Tukima's Dance           Hex            54%        N/A       6%          3
 Metabolic Englaciation   Hex/Ice        37%        N/A       7%          5
 Mephitic Cloud           Conj/Pois/Air  51%        N/A       9%          3
 Spider Form              Tmut/Pois      51%        N/A       9%          3
 Irradiate                Conj/Tmut      35%        3d23      10%         5
 Summon Guardian Golem    Hex/Summ       43%        N/A       14%         3
 Poisonous Vapours        Pois/Air       58%        N/A       17%         2
 Sublimation of Blood     Necr           29%        N/A       17%         2
 Blade Hands              Tmut           32%        N/A       21%         5
 Passage of Golubria      Tloc           54%        N/A       22%         4
 Petrify                  Tmut/Erth      51%        N/A       28%         4
 Yara's Violent Unravell  Hex/Tmut       30%        3d13      34%         5
 Anguish                  Hex/Necr       21%        N/A       43%         4
 Manifold Assault         Tloc           54%        N/A       52%         5
 Alistair's Intoxication  Tmut/Pois      34%        N/A       61%         5
 Corpse Rot               Necr/Pois/Air  29%        N/A       73%         4
 Conjure Ball Lightning   Conj/Air       29%        3x3d8     91%         6
 Dragon Form              Tmut           32%        N/A       99%         7
 Summon Cactus Giant      Summ           14%        N/A       100%        6
 Enfeeble                 Hex            27%        N/A       100%        7
 Storm Form               Tmut/Air       25%        N/A       100%        7
 Borgnjor's Revivificati  Necr           14%        N/A       100%        8
 Discord                  Hex            27%        N/A       100%        8
 Disjunction              Tloc           27%        N/A       100%        8
 Necromutation            Tmut/Necr      25%        N/A       100%        8
 Death's Door             Necr           14%        N/A       100%        9


Dungeon Overview and Level Annotations

Branches:
Dungeon (15/15)            Temple (0/1) D:6            Lair (5/5) D:8
  Swamp (4/4) Lair:3        Snake (4/4) Lair:3        Slime (0/5) Lair:4
    Orc (2/2) D:9             Elf (0/3) Orc:2        Vaults (5/5) D:14
  Crypt (0/3) Vaults:2     Depths (1/4) D:15         Bailey (visited)
  IceCv (visited)

Altars:
Ashenzari
Dithmenos
Elyvilon
Gozag
Kikubaaqudgha
Makhleb
Nemelex Xobeh
Okawaru
Sif Muna
Uskayaw
Vehumet
Wu Jian
Xom
Yredelemnul

Shops:
D:5 *(?*?   Orc:2 =[(:   Snake:3 ?[[   Vaults:1 [   Vaults:4 *:!

Portals:
Abyss: Snake:1

Annotations:
D:5 2 runed translucent doors
Snake:1 2 transporters, Setanta's ghost, journeyman GnFi


Message History

* * * LOW HITPOINT WARNING * * *
Something hits you!!
* * * LOW HITPOINT WARNING * * *
You feel your power leaking away.
You are healed.
A dread lich appears from thin air!
Reactivating autopickup.
The dread lich touches you but does no damage.
The stone giant closely misses you.
The reaper hits you from afar with a +2 scythe of freezing.
* * * LOW HITPOINT WARNING * * *
The tentacled monstrosity tentacle-slaps you but does no damage. x2
The tentacled monstrosity misses you.
The tentacled monstrosity constricts you.
* * * LOW HITPOINT WARNING * * *
Your magical contamination has completely faded away.
As you read the scroll of teleportation, it crumbles to dust.
You feel strangely unstable.
The dread lich points at you and mumbles some strange words.
You barely resist. Something hits you!
* * * LOW HITPOINT WARNING * * *
You feel your power leaking away.
Deactivating autopickup; reactivate with Ctrl-A.
The stone giant hits you!
* * * LOW HITPOINT WARNING * * *
The reaper closely misses you.
You feel much better.
The dread lich touches you but does no damage.
The tentacled monstrosity closely misses you.
The tentacled monstrosity tentacle-slaps you.
* * * LOW HITPOINT WARNING * * *
The tentacled monstrosity tentacle-slaps you!
* * * LOW HITPOINT WARNING * * *
The tentacled monstrosity constricts you.
Something hits you!!
* * * LOW HITPOINT WARNING * * *
You feel your power leaking away.
You feel much better.
The dread lich mumbles some strange words.
The reaper hits you from afar with a +2 scythe of freezing!!
You die...

# # .## . ..
..######################
........§...............
....../.{§§§.2........c.
......1@L2§§§.......p...
......C§XH§§§.H.....O...
..######################
. .. .... .... ....


You could see a tentacled monstrosity (strong), a dread lich (fast), an Ice
Fiend (summoned), a sphinx, a stone giant and a reaper (summoned).

Vanquished Creatures
  A lich (Abyss:3)
  Jorgrun (Swamp:1)
  6 tentacled starspawn
  A sphinx (Vaults:3)
  Gastronok (D:8)
  A thorn hunter (Swamp:3)
  A shadow dragon (Vaults:5)
  5 nagarajas
  Donald (Snake:1)
  A fire giant (D:14)
  9 vault wardens
  An orc warlord (Orc:2)
  12 ironbound preservers
  4 war gargoyles
  4 ironbound thunderhulks
  4 very ugly things (Vaults:4)
  Nessos (D:13)
  An entropy weaver (Vaults:4)
  8 eleionomae
  8 dire elephants
  6 bunyips
  Azrael (D:13)
  Josephine (D:14)
  The ghost of Kughere the Blocker, a journeyman GnFi of Zin (D:12)
  Snorg (Lair:5)
  A crystal guardian (Vaults:3)
  3 ettins
  4 fire dragons
  A deep elf high priest (Vaults:3)
  7 yaktaur captains
  4 great orbs of eyes
  2 salamander tyrants (Snake:4)
  Fannar (D:12)
  A rakshasa (Abyss:3)
  34 vault guards
  An ice dragon (IceCv)
  A spriggan air mage (Swamp:4)
  3 boulder beetles
  6 catoblepae
  3 peacekeepers
  2 ogre magi
  24 hydras
  13 ironbound frosthearts
  11 two-headed ogres
  2 anacondas
  3 centaur warriors
  A death knight (Abyss:2)
  11 alligators
  A dancing weapon (D:8)
  A tengu warrior (D:15)
  20 naga warriors
  2 death yaks (Lair:5)
  3 shock serpents
  12 naga sharpshooters
  7 orc high priests
  5 thrashing horrors
  2 wretched stars (Abyss:3)
  A deep elf knight (D:14)
  A shock serpent (shapeshifter) (Abyss:3)
  A sixfirhy (Abyss:2)
  4 salamander mystics
  2 fire crabs (Swamp:4)
  28 deep trolls
  7 goliath frogs
  17 skeletal warriors
  7 spriggan druids
  4 naga ritualists
  6 swamp dragons (Swamp:4)
  An anaconda zombie (Abyss:3)
  A sea snake (shapeshifter) (Abyss:3)
  A glowing orange brain (Vaults:4)
  The ghost of t4s4d4r the Dealer of Despair, a novice DsNe of Kikubaaqudgha (D:8)
  2 bog bodies
  3 orc knights
  10 wizards
  A phantasmal warrior (Vaults:5)
  Pikel (D:6)
  17 lindwurms
  A wolf spider (D:15)
  A necromancer (Abyss:3)
  11 ironbound convokers
  4 will-o-the-wisps
  4 deep elf pyromancers
  8 mana vipers
  2 orc sorcerers
  6 cyclopes
  42 ugly things
  14 salamanders
  22 elephants
  3 guardian serpents
  2 ice statues (IceCv)
  4 large abominations
  30 black mambas
  Maurice (D:11)
  A centaur zombie (Abyss:3)
  6 manticores
  A dire elephant zombie (Abyss:3)
  A gargoyle (D:11)
  2 smoke demons
  17 naga magi
  3 molten gargoyles (Lair:5)
  8 cane toads
  Maggie (D:10)
  A torpor snail (Lair:5)
  An unseen horror (D:5)
  An efreet (Abyss:3)
  An orange demon (Abyss:2)
  7 rime drakes
  17 vault sentinels
  Psyche (D:8)
  12 komodo dragons
  4 kobold demonologists
  2 freezing wraiths
  2 tengu conjurers
  2 ancient zymes
  26 yaktaurs
  3 meliai (D:14)
  8 trolls
  5 polar bears
  2 bloated husks (Swamp:4)
  13 blink frogs
  A tarantella (shapeshifter) (D:14)
  7 tyrant leeches
  13 hornets
  22 slime creatures
  20 dream sheep
  5 small abominations
  A ynoxinul (Abyss:3)
  Sigmund (D:2)
  A centaur simulacrum (D:15)
  21 spriggans
  11 wyverns
  A naga simulacrum (Abyss:3)
  2 shadows
  2 vampires (D:10)
  4 fire elementals (D:13)
  6 wraiths
  57 yaks
  8 basilisks
  2 chaos spawn (Abyss:2)
  3 redbacks (Vaults:4)
  12 steam dragons
  A neqoxec (Abyss:3)
  7 vampire mosquitoes
  A harpy simulacrum (Abyss:3)
  13 swamp worms
  56 nagas
  Edmund (D:5)
  12 wargs
  2 acid dragons
  6 water moccasins
  7 swamp drakes
  9 hell hounds
  2 ice beasts
  32 orc warriors
  2 black bears
  11 ogres
  11 wolves
  3 boggarts (D:15)
  9 centaurs
  2 phantoms
  A lemure (D:6)
  2 kobold brigands (D:14)
  2 necrophages
  6 bullfrogs
  2 gnoll sergeants
  8 earth elementals (D:14)
  2 scorpions
  8 wights
  3 lindwurm simulacra (IceCv)
  2 electric eels (Lair:2)
  5 howler monkeys
  4 hounds (D:5)
  3 jellies
  7 lava snakes
  A quasit (Abyss:3)
  5 komodo dragon simulacra (IceCv)
  Crazy Yiuf (D:3)
  41 orc priests
  Jessica (D:3)
  6 iguanas
  Terence (D:3)
  Natasha (twice) (D:2)
  21 orc wizards
  19 hell rats
  8 gnolls
  6 river rats
  5 acid dragon simulacra (IceCv)
  5 adders
  A shadow imp (D:6)
  2 white imps
  An ufetubus (Abyss:2)
  8 steam dragon simulacra (IceCv)
  A worm (D:2)
  2 dart slugs
  108 orcs
  7 endoplasms
  2 giant cockroaches
  6 goblins
  6 hobgoblins
  7 jackals
  5 kobolds
  2 quokkas
  7 ball pythons
  8 bats
  3 frilled lizards
  10 rats
  A butterfly (Lair:4)
  A starspawn tentacle (Abyss:3)
1444 creatures vanquished.

Vanquished Creatures (collateral kills)
  A war gargoyle (Vaults:3)
  3 crystal guardians (Vaults:3)
  A great orb of eyes (Vaults:3)
  2 peacekeepers (Vaults:3)
  A naga mage (Snake:1)
  A black mamba (Snake:1)
9 creatures vanquished.

Vanquished Creatures (others)
  A fire dragon (Swamp:4)
  A shock serpent (Snake:3)
  A wizard (D:14)
  A guardian serpent (Snake:4)
  A bloated husk (Swamp:1)
  A steam dragon (Swamp:4)
  A small abomination (Abyss:2)
  An ufetubus (Abyss:2)
  4 foxfires
  29 fungi
  30 plants
  11 starspawn tentacles
82 creatures vanquished.

Grand Total: 1535 creatures vanquished

Notes
Turn   | Place    | Note
-------+----------+-------------------------------------------
     0 | D:1      | Armakuni the Human Monk began the quest for the Orb.
     0 | D:1      | Reached XP level 1. HP: 18/18 MP: 1/1
   148 | D:1      | Reached skill level 1 in Staves
   284 | D:1      | Reached XP level 2. HP: 24/24 MP: 2/2
  1061 | D:2      | Reached XP level 3. HP: 20/29 MP: 3/3
  1588 | D:2      | Noticed Sigmund
  1617 | D:3      | Noticed a black bear
  1691 | D:3      | Identified the +3 leather armour of Ras Fioc {rPois}
  1735 | D:3      | Found a faded altar of an unknown god.
  1778 | D:3      | Killed a black bear
  1779 | D:3      | Reached XP level 4. HP: 23/35 MP: 4/4
  1779 | D:3      | Reached XP level 5. HP: 27/41 MP: 5/5
  2026 | D:3      | Identified the +5 trident of Ixiuzax {elec, *Rage rN+ Int+9
                  | Stlth+}
  2136 | D:3      | Found a runed translucent door.
  2139 | D:3      | Noticed Crazy Yiuf
  2183 | D:3      | Killed Crazy Yiuf
  2608 | D:3      | Reached skill level 5 in Staves
  2759 | D:3      | Noticed Terence
  2771 | D:3      | Killed Terence
  2772 | D:3      | Reached XP level 6. HP: 39/47 MP: 6/6
  2829 | D:3      | Found a shadowy altar of Dithmenos.
  2847 | D:3      | Noticed Jessica
  2857 | D:3      | Killed Jessica
  2898 | D:3      | Learned a level 1 spell: Apportation
  2901 | D:3      | Learned a level 2 spell: Blink
  3266 | D:2      | Noticed Natasha
  3271 | D:2      | Killed Natasha
  3688 | D:2      | Noticed Natasha
  3700 | D:2      | Killed Natasha
  3876 | D:2      | Identified the ring "Bieqicera" {Fly rC+}
  4019 | D:2      | Killed Sigmund
  4020 | D:2      | Reached XP level 7. HP: 37/52 MP: 7/7
  4349 | D:4      | You fall into a shaft and drop 3 floors!
  4381 | D:7      | Noticed a steam dragon
  4387 | D:7      | Killed a steam dragon
  4388 | D:7      | Reached XP level 8. HP: 26/58 MP: 8/8
  4626 | D:7      | Found a white marble altar of Elyvilon.
  4641 | D:7      | Became a worshipper of Elyvilon the Healer
  4641 | D:7      | Reached * piety under Elyvilon
  4641 | D:7      | Reached ** piety under Elyvilon
  4677 | D:7      | Reached skill level 1 in Invocations
  4762 | D:7      | Identified a scroll of acquirement
  4762 | D:7      | Acquired a manual of Fighting
  4800 | D:5      | Entered Level 5 of the Dungeon
  4800 | D:5      | Found Diveyl's Assorted Antiques.
  4809 | D:5      | Found Geekeske's Antique Weapon Shop.
  4841 | D:5      | Reached skill level 5 in Fighting
  4841 | D:5      | Reached XP level 9. HP: 52/68 MP: 11/11
  4967 | D:5      | Noticed Pikel
  4983 | D:6      | Killed Pikel
  4984 | D:6      | Reached skill level 5 in Invocations
  5161 | D:5      | Acquired 774 gold pieces
  5182 | D:5      | Bought a scroll labelled WERRUULORI for 19 gold pieces
  5182 | D:5      | Bought an amethyst potion for 17 gold pieces
  5182 | D:5      | Bought a runed bone wand for 76 gold pieces
  5182 | D:5      | Bought a scroll of teleportation for 57 gold pieces
  5182 | D:5      | Bought a scroll of teleportation for 57 gold pieces
  5182 | D:5      | Bought an embroidered scarf for 152 gold pieces
  5202 | D:5      | Bought an ichor-stained quarterstaff for 279 gold pieces
  5202 | D:5      | Identified the +4 quarterstaff of Caez {pain, rElec} (You
                  | bought it in a shop on level 5 of the Dungeon)
  5746 | D:4      | Found a sparkling altar of Nemelex Xobeh.
  5763 | D:4      | Reached *** piety under Elyvilon
  6197 | D:5      | Found Tibiunio's Magic Scroll Boutique.
  6198 | D:5      | Found a broken altar of Ashenzari.
  6204 | D:5      | Bought a scroll of identify for 26 gold pieces
  6205 | D:5      | Bought 2 scrolls of identify for 52 gold pieces
  6207 | D:5      | Bought a scroll of teleportation for 39 gold pieces
  6226 | D:5      | Found Dyts's General Store.
  6231 | D:5      | Bought a scroll of immolation for 40 gold pieces
  6357 | D:5      | Found a shimmering altar of Xom.
  6358 | D:5      | Noticed Edmund
  6370 | D:5      | Killed Edmund
  6427 | D:5      | Found a large runed translucent door.
  6427 | D:5      | Found a large runed translucent door.
  6444 | D:5      | Found a large runed translucent door.
  6444 | D:5      | Found a large runed translucent door.
  6505 | D:5      | Killed an unseen horror
  6515 | D:5      | Reached XP level 10. HP: 49/83 MP: 9/15
  6683 | D:5      | Learned a level 2 spell: Wereblood
  6911 | D:5      | Got the Disquisition on Toxicity and Reformation
  6957 | D:5      | Found Yniul's Magic Scroll Shop.
  6960 | D:5      | Bought a scroll of blinking for 97 gold pieces
  7052 | D:5      | Reached skill level 10 in Fighting
  7218 | D:6      | Found a staircase to the Ecumenical Temple.
  7447 | D:6      | Found an opulent altar of Gozag.
  7476 | D:6      | Identified the +7 rapier "Yrhoomoe" {protect, Str+3}
  7482 | D:6      | Found an ornate altar of the Wu Jian Council.
  7796 | D:6      | Identified the +8 short sword "Agetug" {speed, Str+4}
  8192 | D:6      | Found a shimmering blue altar of Sif Muna.
  8759 | D:8      | Noticed Psyche
  8765 | D:8      | Killed Psyche
  8792 | D:8      | Noticed Gastronok
  8812 | D:8      | Killed Gastronok
  8813 | D:8      | Reached skill level 10 in Invocations
  8813 | D:8      | Reached XP level 11. HP: 78/96 MP: 18/18
  8832 | D:8      | Reached **** piety under Elyvilon
  8885 | D:8      | Found a runed translucent door.
  8886 | D:8      | Found a shimmering altar of Xom.
  8886 | D:8      | Noticed t4s4d4r's ghost (novice DsNe)
  8887 | D:8      | Noticed a +0 spear of chaos
  8894 | D:8      | Upgraded the game from 0.29-a0-1027-gcd8c55af63 to
                  | 0.29-a0-1033-gb6c65ffae6
  8899 | D:8      | Killed t4s4d4r's ghost
  8903 | D:8      | Killed a +0 spear of chaos
  8904 | D:8      | Reached skill level 10 in Staves
  9124 | D:8      | Found an iron altar of Okawaru.
  9203 | D:8      | Found a staircase to the Lair.
  9518 | D:9      | Found a flagged portal.
  9529 | Bailey   | Entered a bailey
  9711 | Bailey   | Reached skill level 1 in Evocations
  9898 | Bailey   | Noticed an orc knight
  9934 | Bailey   | Killed an orc knight
 10167 | D:9      | Identified the +4 scale mail "Asirawk" {rC+ Regen+ Str+4}
 10432 | D:9      | Reached skill level 1 in Armour
 10500 | D:9      | Reached XP level 12. HP: 91/103 MP: 19/19
 10645 | D:9      | Reached skill level 5 in Evocations
 10663 | D:9      | Found a staircase to the Orcish Mines.
 11057 | D:10     | Entered Level 10 of the Dungeon
 11096 | D:10     | Noticed a two-headed ogre
 11100 | D:10     | Noticed a sun demon
 11109 | D:10     | Reached skill level 5 in Dodging
 11113 | D:10     | Killed a two-headed ogre
 11114 | D:10     | Reached skill level 5 in Armour
 11147 | D:10     | Found a basalt altar of Yredelemnul.
 11296 | D:10     | Found a portal to a secret trove of treasure.
 11372 | D:10     | Reached ***** piety under Elyvilon
 11510 | D:10     | Noticed Maggie
 11520 | D:10     | Killed Maggie
 11811 | D:11     | Noticed a four-headed hydra
 11818 | D:11     | Killed a four-headed hydra
 12330 | D:11     | Noticed Maurice
 12337 | D:11     | Killed Maurice
 12338 | D:11     | Reached XP level 13. HP: 92/109 MP: 20/20
 12736 | D:12     | Noticed a boulder beetle
 12740 | D:12     | Pacified a boulder beetle
 12787 | D:12     | Found a frozen archway.
 12802 | IceCv    | Entered an ice cave
 13255 | IceCv    | Noticed an ice dragon
 13270 | IceCv    | Killed an ice dragon
 13285 | IceCv    | Identified the ring of Divine Intervention {Fly rC+ Int+4}
 13295 | IceCv    | Identified the ring of Yptoh {+Blink Int+6}
 13330 | IceCv    | Got the Discourse on the Iceberg
 13538 | D:12     | Noticed Fannar
 13538 | D:12     | Noticed a boulder beetle
 13540 | D:12     | Pacified a boulder beetle
 13551 | D:12     | Killed Fannar
 13552 | D:12     | Reached skill level 10 in Evocations
 13552 | D:12     | Reached skill level 1 in Ice Magic
 13594 | D:12     | Identified the +4 giant spiked club of Ezuarphy {vorpal,
                  | Int+4}
 13594 | D:12     | Noticed Kughere's ghost (journeyman GnFi)
 13608 | D:12     | Found a transporter.
 13807 | D:12     | Found a transporter.
 13824 | D:12     | Killed Kughere's ghost
 13825 | D:12     | Reached skill level 5 in Ice Magic
 13897 | D:12     | Identified the ring "Ivvaon" {+Blink rN+ Dex+6 Slay-3}
 13921 | D:13     | Noticed Nessos
 13931 | D:13     | Killed Nessos
 13987 | D:13     | Reached XP level 14. HP: 100/116 MP: 21/21
 14054 | D:13     | Reached skill level 10 in Ice Magic
 14058 | D:13     | Learned a level 3 spell: Ozocubu's Armour
 14220 | D:13     | Noticed Azrael
 14228 | D:13     | Killed Azrael
 15274 | D:14     | Noticed Josephine
 15284 | D:14     | Killed Josephine
 15326 | D:14     | Reached XP level 15. HP: 60/122 MP: 24/24
 15506 | D:14     | Found a gate to the Vaults.
 16353 | D:14     | Noticed a fire giant
 16363 | D:14     | Killed a fire giant
 17170 | D:5      | Bought a scroll of teleportation for 39 gold pieces
 17170 | D:5      | Bought a scroll of teleportation for 39 gold pieces
 17171 | D:5      | Bought a scroll of enchant armour for 97 gold pieces
 17194 | D:5      | Bought a scroll of teleportation for 39 gold pieces
 17194 | D:5      | Bought a scroll of teleportation for 39 gold pieces
 17194 | D:5      | Bought a scroll of immolation for 52 gold pieces
 17194 | D:5      | Bought a scroll of magic mapping for 97 gold pieces
 17350 | Orc:1    | Entered Level 1 of the Orcish Mines
 17843 | Orc:2    | Entered Level 2 of the Orcish Mines
 18103 | Orc:2    | Found a staircase to the Elven Halls.
 18312 | Orc:2    | Found Feshigra's Antique Armour Shoppe.
 18312 | Orc:2    | Found Cime Mow's Jewellery Shop.
 18565 | Orc:2    | Found Popp's Book Shoppe.
 18619 | Orc:2    | Found Yzinuc's Weapon Shop.
 19075 | Orc:1    | Noticed an orc warlord
 19075 | Orc:1    | Found a radiant altar of Vehumet.
 19217 | Orc:2    | Killed an orc warlord
 19313 | Orc:2    | Bought a distressingly furry scale mail for 288 gold pieces
 19313 | Orc:2    | Identified the +3 scale mail of the Realm of Zot {Str+5
                  | SInv} (You bought it in a shop on level 2 of the Orcish
                  | Mines)
 19345 | Orc:2    | Bought a manual of Fire Magic for 1120 gold pieces
 19504 | Lair:1   | Entered Level 1 of the Lair of Beasts
 19531 | Lair:1   | Reached XP level 16. HP: 129/129 MP: 25/25
 19700 | Lair:1   | Got the Excursus on Beguiling and Permutations
 20672 | Lair:2   | Reached skill level 10 in Dodging
 20683 | Lair:2   | Reached skill level 10 in Armour
 20683 | Lair:2   | Reached skill level 1 in Fire Magic
 20690 | Lair:2   | Learned a level 3 spell: Inner Flame
 20732 | Lair:2   | Identified the +1 leather armour of Zeodgh {rN+ Will+ Int-2
                  | SInv}
 20844 | Lair:2   | Identified the +5 war axe "Poennouf" {flame, Stlth+}
 21004 | Lair:3   | Found a staircase to the Swamp.
 21420 | Lair:3   | Reached skill level 5 in Fire Magic
 21442 | Lair:3   | Found a staircase to the Snake Pit.
 22497 | Lair:4   | Found a staircase to the Slime Pits.
 22557 | Lair:4   | Reached skill level 10 in Fire Magic
 23210 | Lair:5   | Entered Level 5 of the Lair of Beasts
 23217 | Lair:5   | Reached skill level 1 in Translocations
 23248 | Lair:5   | Reached ****** piety under Elyvilon
 23896 | Lair:5   | Noticed Snorg
 23906 | Lair:5   | Killed Snorg
 23907 | Lair:5   | Reached XP level 17. HP: 123/135 MP: 26/26
 23988 | Lair:5   | Found a large runed translucent door.
 23990 | Lair:5   | Found a large runed translucent door.
 24289 | Lair:5   | Reached skill level 1 in Transmutations
 24320 | Lair:5   | Reached skill level 1 in Spellcasting
 24320 | Lair:5   | Reached skill level 1 in Hexes
 24873 | Lair:5   | Learned a level 2 spell: Ensorcelled Hibernation
 24951 | Snake:1  | Entered Level 1 of the Snake Pit
 25065 | Snake:1  | Found a transporter.
 25071 | Snake:1  | Noticed Donald
 25082 | Snake:1  | Noticed Setanta's ghost (journeyman GnFi)
 25088 | Snake:1  | Killed Donald
 25396 | Snake:1  | Identified the +7 chain mail "Gokobrul" {rElec}
 25468 | Snake:1  | Reached skill level 5 in Transmutations
 25619 | Snake:1  | Found a one-way gate to the infinite horrors of the Abyss.
 25624 | Snake:1  | Found a transporter.
 25805 | Snake:2  | Learned a level 2 spell: Scorch
 26466 | Orc:2    | Bought a book of Spectacle for 448 gold pieces
 26765 | Snake:2  | HP: 3/135 [constriction (4)]
 26769 | Snake:2  | Elyvilon protects you from harm!
 26928 | Snake:2  | Reached skill level 2 in Spellcasting
 27450 | Snake:3  | Reached skill level 3 in Spellcasting
 27460 | Snake:2  | Learned a level 6 spell: Starburst
 27492 | Snake:3  | Reached skill level 1 in Conjurations
 27938 | Snake:3  | Reached skill level 5 in Conjurations
 28154 | Snake:3  | Reached XP level 18. HP: 126/141 MP: 27/27
 28619 | Snake:3  | Found Pyorif's Magic Scroll Boutique.
 28623 | Snake:3  | Found Ximpeob's Armour Shop.
 28624 | Snake:3  | Found Cofileco's Armour Boutique.
 28669 | Snake:3  | Bought a scroll of noise for 17 gold pieces
 28795 | Snake:4  | Entered Level 4 of the Snake Pit
 29437 | Snake:4  | Reached skill level 10 in Conjurations
 29693 | Snake:4  | Reached skill level 4 in Spellcasting
 29941 | Snake:4  | Reached skill level 5 in Spellcasting
 30148 | Snake:4  | Reached skill level 6 in Spellcasting
 30283 | Snake:4  | Reached skill level 7 in Spellcasting
 30345 | Snake:4  | Got a serpentine rune of Zot
 30647 | D:10     | You paid a toll of 13 scrolls of teleportation to enter a
                  | treasure trove
 30648 | Trove    | Entered a treasure trove
 30650 | Trove    | Found a bloodstained altar of Trog.
 30666 | Trove    | Identified the +2 dire flail "With Two Names" {vorpal, rC+}
 30679 | Trove    | Identified the +9 whip of Resourcefulness {venom, rElec
                  | Str+3 Int+3 Stlth-}
 30680 | Trove    | Identified the +6 quarterstaff "Ipenul" {flame, Str+5}
 30885 | D:15     | Entered Level 15 of the Dungeon
 30957 | D:15     | Found a hide-covered altar of Uskayaw.
 31346 | D:15     | Reached skill level 8 in Spellcasting
 31346 | D:15     | Reached XP level 19. HP: 81/147 MP: 6/31
 31907 | D:15     | Found a staircase to the Depths.
 31925 | D:15     | Reached skill level 9 in Spellcasting
 32007 | Depths:1 | Entered Level 1 of the Depths
 32007 | Depths:1 | Noticed a lich
 32007 | Depths:1 | Noticed a juggernaut
 32272 | Swamp:1  | Entered Level 1 of the Swamp
 33195 | Swamp:1  | Reached skill level 10 in Spellcasting
 33598 | Swamp:2  | Noticed Jorgrun
 33757 | Swamp:1  | Killed Jorgrun
 33916 | Swamp:2  | Found a burning altar of Makhleb.
 34540 | Swamp:3  | Identified the +11 morningstar "Umpinn" {chaos, rF+ Str+3
                  | Dex-2}
 35146 | Swamp:3  | Reached skill level 11 in Spellcasting
 36358 | Swamp:4  | Entered Level 4 of the Swamp
 36467 | Swamp:4  | Identified the -1 pair of gloves of the Archfiend {rC+
                  | Dex+6}
 37144 | Swamp:4  | Reached XP level 20. HP: 99/154 MP: 32/35
 37149 | Swamp:4  | Reached skill level 12 in Spellcasting
 37808 | Swamp:4  | Reached skill level 13 in Spellcasting
 37911 | Swamp:4  | Got a decaying rune of Zot
 38350 | Snake:3  | Bought +1 pearl dragon scales for 1153 gold pieces
 38374 | Snake:3  | Learned a level 3 spell: Frozen Ramparts
 38379 | Snake:3  | Learned a level 4 spell: Iskenderun's Mystic Blast
 38385 | Snake:3  | Learned a level 5 spell: Freezing Cloud
 38742 | Vaults:1 | Entered Level 1 of the Vaults
 39058 | Vaults:1 | HP: 4/154 [vault warden/+2 halberd of pain (20)]
 39072 | Vaults:1 | Reached skill level 14 in Spellcasting
 39838 | Vaults:1 | Reached skill level 15 in Spellcasting
 40210 | Vaults:1 | Found Lais's Antique Armour Boutique.
 41000 | Vaults:2 | Found a staircase to the Crypt.
 41000 | Vaults:2 | Found a basalt altar of Yredelemnul.
 41001 | Vaults:2 | Found an ancient bone altar of Kikubaaqudgha.
 41478 | Vaults:2 | Reached XP level 21. HP: 158/160 MP: 38/40
 41845 | Abyss:2  | Found a corrupted altar of Lugonu.
 41845 | Abyss:2  | Cast into level 2 of the Abyss (a wizard)
 42224 | Vaults:2 | Escaped the Abyss
 42452 | Vaults:3 | Acquired the +2 pair of boots of Weightlessness {MP+9}
 42587 | Vaults:3 | Paralysed by a great orb of eyes for 2 turns
 42806 | Vaults:3 | Reached skill level 16 in Spellcasting
 43134 | Abyss:3  | Cast into level 3 of the Abyss (a wizard)
 43322 | Abyss:3  | Reached skill level 15 in Fire Magic
 43465 | Vaults:3 | Escaped the Abyss
 44368 | Vaults:3 | Reached XP level 22. HP: 163/167 MP: 32/42
 44546 | Vaults:4 | Reached skill level 17 in Spellcasting
 44702 | Vaults:4 | Identified the +7 ring mail of Yryesot {rElec}
 44989 | Vaults:4 | HP: 6/167 [vault warden/+0 war axe (48)]
 45464 | Vaults:4 | Found Pitich's Book Emporium.
 45552 | Vaults:4 | Found Wurphu Fad's Distillery.
 45560 | Vaults:4 | Bought a potion of heal wounds for 50 gold pieces
 45560 | Vaults:4 | Bought a potion of heal wounds for 50 gold pieces
 45560 | Vaults:4 | Bought a potion of heal wounds for 50 gold pieces
 45560 | Vaults:4 | Bought a potion of heal wounds for 50 gold pieces
 45560 | Vaults:4 | Bought a potion of mutation for 80 gold pieces
 45560 | Vaults:4 | Bought a potion of cancellation for 80 gold pieces
 46476 | Vaults:4 | Got the Volume of Curses
 46667 | Vaults:4 | Found Deub's General Store.
 46683 | Vaults:5 | Entered Level 5 of the Vaults
 46685 | Vaults:5 | Noticed a dread lich
 46688 | Vaults:5 | Reached skill level 18 in Spellcasting
 46768 | Vaults:5 | Paralysed by a dread lich for 4 turns
 46804 | Vaults:5 | Paralysed by something for 2 turns
 46806 | Vaults:5 | Elyvilon protects you from harm!
 46807 | Vaults:5 | HP: 7/166 [something (25)]
 46810 | Vaults:5 | HP: 2/166 [something (24)]
 46811 | Vaults:5 | Slain by a reaper

Illustrated notes

Levels and vault maps discovered:
D:1:      dpeg_arrival_central, layout_basic, chequers_serial_rivers_room_b,
          nrook_campfire
D:2:      mumra_celtic_spiral_tile, layout_basic, minmay_surrounded,
          uniq_sigmund, uniq_natasha
D:3:      layout_loops_corners, nicolae_dithmenos_through_a_glass_darkly,
          hellmonk_ecumenical_altar_run_dry, uniq_terence,
          uniq_crazy_yiuf_cottage, uniq_jessica
D:4:      layout_basic, mainiacjoe_overflow_surrounded_room,
          portal_sewer_entry_a, serial_park_tiny_pond
D:5:      layout_rooms, cheibrodos_ashenzari_chains,
          mainiacjoe_overflow_alcove_4, serial_shops, nicolae_shop_waterfront,
          kennysheep_little_box, shop, nicolae_shop_behind_doors,
          nicolae_shop_advertising_works [nicolae_subvault_shop_adworks],
          minmay_misc_feat_roman, hangedman_decor_clover_reticule,
          minmay_hollow_rounded_squares, uniq_pikel, uniq_edmund
D:6:      layout_basic, mainiacjoe_overflow_paths,
          mainiacjoe_overflow_cross_hatched, kennysheep_orc_sif_temple,
          minmay_temple_entry_slanted, serial_rivers,
          chequers_serial_rivers_micro_b, chequers_serial_rivers_marsh,
          chequers_serial_rivers_micro_d, chequers_serial_rivers_room_a,
          chequers_serial_rivers_room_b, grunt_ministairs_14, nicolae_titane
D:7:      layout_basic, mainiacjoe_overflow_boulevard, grunt_ministairs_7
D:8:      layout_basic, lemuel_round_altar, dpeg_oklobed_lair,
          ebering_ghost_xom, minmay_statues_item, serial_bayou_pond_c,
          uniq_gastronok, uniq_psyche
D:9:      layout_basic, minmay_orc_entry_guard_dogs, enter_bailey_4
D:10:     layout_basic, mainiacjoe_overflow_catwalk, enter_trove_2, uniq_maggie
D:11:     layout_layer_cave, serial_bayou_lake_a, uniq_maurice
D:12:     layout_basic, gammafunk_ghost_smash, portal_ice_cave_entry_pillars_2,
          minmay_misc_feat_enclosed, minmay_misc_feat_rugged, uniq_fannar
D:13:     layout_gridville, uniq_nessos, uniq_azrael
D:14:     minmay_two_paths, layout_stronghold, grunt_vaults_entry_fortified,
          minmay_strange_pillars, hangedman_cracks_in_the_wall, uniq_josephine
D:15:     hangedman_depths_entry_try_elsewhere_first, layout_basic,
          gauntlet_entry_generic, minmay_misc_feat_pillars,
          nicolae_uskayaw_murder_on_the_dancefloor
Lair:1:   layout_chaotic_city, kennysheep_abandoned_house
Lair:2:   layout_hall_layers, disabler_island, serial_bayou_shore_b
Lair:3:   layout_layer_cave, minmay_swamp_entry_reptiles, dummy_snake_entry,
          small_statue_intersection, st_stairs_7
Lair:4:   layout_regular_city, dpeg_slime_entry_enclosed,
          chequers_serial_rivers_small_3, grunt_megastairs_2,
          lemuel_fruit_fields
Lair:5:   cheibrodos_lair_end_hotspot, layout_regular_city, lemuel_fruit_tree,
          uniq_snorg
Swamp:1:  layout_basic_swamp, hangedman_swamp_pad
Swamp:2:  layout_falls_marsh, basic_altar, uniq_jorgrun
Swamp:3:  layout_falls_marsh, evilmike_swamp_ruin_house_6, swamp_pool2
Swamp:4:  swamp_fiery, layout_basic_swamp, nicolae_swamp_small_spring,
          infiniplex_staircase_pool_2
Snake:1:  layout_cave_shapes, gammafunk_ghost_abyssal_escape, drop_trap,
          uniq_donald
Snake:2:  layout_gridlike
Snake:3:  layout_misc_corridors, nicolae_snake_squiggles, minmay_shop_star
Snake:4:  minmay_snake_end_coiled, layout_cave_town, serial_bayou_shore_b
Orc:1:    layout_diamond_mine, basic_altar, minmay_orc_temple_c
Orc:2:    st_orc_town, layout_diamond_mine, mines1_david
Vaults:1: v_rooms_2, v_rooms_1, v_pattern_1, nicolae_vaults_little_squares_1,
          vaults_mumra_lcd, hangedman_vaults_nodes, hangedman_vaults_hat,
          vaults_room_fours, vaults_dpeg_ring, vaults_room_guarded_vault,
          vaults_room_hallway, ontoclasm_vaults_ring_small,
          nicolae_vaults_rhombus_5, ontoclasm_vaults_gateway,
          vaults_dpeg_spiral, layout_vaults_omnibox, serial_shops,
          nicolae_shop_stone
Vaults:2: ontoclasm_vaults_claustrophobia, minmay_crypt_entry_necro_gods,
          ontoclasm_vaults_spin, hangedman_vaults_capsules, vaults_room_fours,
          nicolae_vaults_rhombus_6, layout_vaults_omnigrid
Vaults:3: nicolae_vaults_angled_halls, st_lines, hangedman_vaults_river_flow,
          grunt_vaults_hallway_long, v_misc_24, v_pattern_4,
          vaults_mumra_minichess, vaults_mumra_hexcomb, grunt_vaults_funnel,
          v_misc_27, ontoclasm_vaults_fault, grunt_vaults_hallway_short,
          ontoclasm_vaults_ring_large, layout_vaults_ring
Vaults:4: v_misc_33, grunt_vaults_swirl, grunt_vaults_focal,
          grunt_vaults_bifocal, nicolae_vaults_fighting_squares, v_misc_28,
          v_misc_11, v_misc_15, vaults_dpeg_hooks, layout_vaults_big_cross,
          serial_shops, shop, shop_fountains, nicolae_shop_waterfront
Vaults:5: serial_shops
Depths:1: layout_gridlike, grunt_mini_vestibule, lemuel_crystal_altar,
          kennysheep_doodads, lightli_giant_bouncers, serial_bayou_shore_a,
          uniq_mara

Skill      XL: |  1  2  3  4  5  6  7  8  9 10 11 12 13 14 15 16 17 18 19 20 21 22 |
---------------+-------------------------------------------------------------------+-----
Staves         | 1 2 4 5 6 8 9 11 13 | 13.8
Invocations    | 3 7 10 12 | 12.0
Fighting       | 5 9 12 | 12.5
Evocations     | 4 5 10 | 10.0
Armour         | 1 5 9 10 11 | 11.7
Dodging        | 5 9 10 | 10.0
Ice Magic      | 9 14 | 14.4
Fire Magic     | 12 13 15 17 | 17.2
Translocations | 4 |  4.0
Transmutations | 6 |  6.7
Spellcasting   | 3 8 11 15 16 18 | 18.1
Hexes          | 4 |  4.0
Conjurations   | 6 10 | 10.0
Maces & Flails | |  3.0
Stealth        | |  2.0

Action                   |  1- 3 |  4- 6 |  7- 9 | 10-12 | 13-15 | 16-18 | 19-21 | 22-24 || total
-------------------------+-------+-------+-------+-------+-------+-------+-------+-------++-------
Melee: Mace              |    66 |    11 |       |       |       |       |       |       ||    77
       Punch             |     1 |       |       |       |       |     1 |    12 |       ||    14
       Quarterstaff      |    17 |    56 |   167 |   358 |   818 |  1156 |   745 |       ||  3317
       Staff             |       |       |       |       |    20 |    60 |   545 |   261 ||   886
 Cast: Ozocubu's Armour  |       |       |       |       |     4 |     4 |     2 |       ||    10
       Wereblood         |       |       |       |       |       |    30 |    43 |     9 ||    82
       Inner Flame       |       |       |       |       |       |     4 |     1 |       ||     5
       Starburst         |       |       |       |       |       |     3 |     8 |    19 ||    30
       Blink             |       |       |       |       |       |     1 |     1 |     1 ||     3
       Frozen Ramparts   |       |       |       |       |       |       |    39 |     4 ||    43
       Scorch            |       |       |       |       |       |       |    34 |    32 ||    66
       Freezing Cloud    |       |       |       |       |       |       |    14 |     5 ||    19
Invok: Heal Self         |       |       |     4 |     4 |    24 |    15 |    25 |     7 ||    79
       Heal Other        |       |       |       |     5 |     6 |    11 |     3 |     3 ||    28
       Purification      |       |       |       |       |     6 |     9 |     5 |     3 ||    23
Evoke: Lightning rod     |       |       |       |    10 |    15 |     9 |     2 |       ||    36
       Wand              |       |       |       |     5 |    11 |    16 |     8 |       ||    40
       Phial of floods   |       |       |       |       |     1 |     3 |     1 |       ||     5
       Tin of tremorston |       |       |       |       |       |     3 |     4 |       ||     7
  Use: Scroll            |     4 |     2 |     8 |    10 |    14 |    11 |    12 |     4 ||    65
       Potion            |     1 |     3 |       |     1 |     1 |     1 |       |     6 ||    13
 Stab: Sleeping          |     6 |     3 |     3 |     1 |       |     3 |       |       ||    16
       Distracted        |       |       |     2 |     3 |    10 |    33 |    25 |       ||    73
       Paralysed         |       |       |       |     5 |     5 |       |     2 |       ||    12
       Petrified         |       |       |       |       |       |    10 |       |       ||    10
       Petrifying        |       |       |       |       |       |     1 |       |       ||     1
Armor: Robe              |    10 |       |       |       |       |       |       |       ||    10
       Skin              |    31 |       |       |       |       |       |       |       ||    31
       Leather armour    |     6 |    10 |    51 |    42 |       |       |       |       ||   109
       Scale mail        |       |       |       |    44 |   174 |     7 |       |       ||   225
       Swamp dragon scal |       |       |       |       |       |   290 |   112 |       ||   402
       Pearl dragon scal |       |       |       |       |       |       |   281 |   126 ||   407
Dodge: Dodged            |    40 |    27 |   108 |   209 |   418 |   951 |   801 |   174 ||  2728
Block: Other             |       |       |       |       |       |       |    64 |       ||    64
       Reflection        |       |       |       |       |       |       |     3 |       ||     3

Table legend: (Time is in decaauts)
 A = Elapsed time spent in this place.
 B = Non-inter-level travel time spent in this place.
 C = Inter-level travel time spent in this place.
 D = Time resting spent in this place.
 E = Time spent auto-exploring this place.
 F = Levels seen in this place.
 G = Mean time per level.
                   A        B        C        D        E       F      G
               +--------+--------+--------+--------+--------+-----+--------+
         Total |  45275 |  41747 |   3528 |   8995 |  22847 |  41 | 1104.3 |
       Dungeon |  17979 |  16209 |   1770 |   2717 |   9778 |  15 | 1198.6 |
          Lair |   5994 |   5382 |    612 |    790 |   3457 |   5 | 1198.8 |
         Swamp |   5600 |   5423 |    177 |   2066 |   2310 |   4 | 1400.0 |
     Snake Pit |   4903 |   4448 |    455 |    946 |   2138 |   4 | 1225.8 |
  Orcish Mines |   2075 |   1762 |    313 |    383 |    810 |   2 | 1037.5 |
        Vaults |   7034 |   6835 |    199 |   1780 |   3719 |   5 | 1406.8 |
        Depths |      1 |      1 |      0 |      0 |      0 |   1 |    1.0 |
         Abyss |    618 |    618 |      0 |     85 |    218 |   2 |  309.0 |
         Trove |     73 |     73 |      0 |      0 |      6 |   1 |   73.0 |
        Bailey |    421 |    421 |      0 |      0 |    274 |   1 |  421.0 |
      Ice Cave |    571 |    571 |      0 |    226 |    137 |   1 |  571.0 |
               +--------+--------+--------+--------+--------+-----+--------+

Top non-repeatable levels by time:
    D:14: 2420 daAuts
 Swamp:3: 2352 daAuts
Vaults:4: 2033 daAuts
  Lair:3: 1758 daAuts
Vaults:3: 1733 daAuts
Vaults:1: 1711 daAuts
     D:2: 1665 daAuts
  Lair:5: 1588 daAuts
     D:3: 1587 daAuts
Vaults:2: 1517 daAuts
   Orc:2: 1517 daAuts
 Snake:4: 1490 daAuts
 Snake:3: 1439 daAuts
     D:9: 1423 daAuts
     D:6: 1390 daAuts
